 Dungeon Crawl Stone Soup version 0.31-a0-986-g5e6e4ef867 (webtiles) character file.

Game seed: 18387053113250790676

74 Gelion the Insei (level 4, 0/29 HPs)
             Began as an Octopode Shapeshifter on Nov 24, 2023.
             Slain by a river rat (9 damage)
             ... on level 3 of the Dungeon.
             The game lasted 00:02:30 (1349 turns).

Gelion the Insei (Octopode Shapeshifter)            Turns: 1349, Time: 00:02:31

Health: 0/29       AC:  1    Str: 13    XL:     4   Next: 30%
Magic:  4/4        EV: 13    Int: 12    God:
Gold:   84         SH:  5    Dex: 13    Spells: 3/3 levels left

rFire   . .          .
                       - Unarmed
rCold   . . .        (no shield)
rNeg    . . .        (helmet currently unavailable)
rPois   .            g - amulet of reflection
rElec   .            (no ring)
rCorr   .            (no ring)
SInv    .            (no ring)
Will    .....        (no ring)
Stlth   ++           (no ring)
HPRegen 0.24/turn    (no ring)
MPRegen 0.09/turn    (no ring)
                     (no ring)

%: reflection
@: beast-form
A: beast (slay +1), almost no armour, amphibious, 8 rings, camouflage 1,
gelatinous body 1, (nimble swimmer 1), tentacles
a: Begin Untransformation


You were on level 3 of the Dungeon.
You were a hulking beast.
You visited 1 branch of the dungeon, and saw 3 of its levels.

You collected 84 gold pieces.

Inventory:

Jewellery
 g - an amulet of reflection (around mantle)
Talismans
 b - a beast talisman
 c - a flux talisman
Scrolls
 d - a scroll of teleportation
 f - a scroll of immolation
Potions
 a - a potion of lignification
 e - a potion of invisibility
 h - a potion of curing {unknown}
 i - a potion of mutation
 k - a potion of heal wounds {unknown}


   Skills:
 + Level 2.1 Fighting
 - Level 2.0 Dodging
 * Level 4.1 Unarmed Combat
 + Level 3.4 Shapeshifting


You had 3 spell levels left.
You didn't know any spells.
Your spell library contained the following spells:

 Spells                   Type           Power      Damage    Failure   Level
 Magic Dart               Conj           0%         1d3       32%         1
 Searing Ray              Conj           0%         2d4       45%         2
 Ignite Poison            Fire/Tmut/Pois 0%         N/A       69%         3
 Fulminant Prism          Conj/Hex       0%         3d5       97%         4
 Sticky Flame             Conj/Fire      0%         2d3       97%         4
 Ignition                 Fire           0%         3d3       100%        8


Dungeon Overview and Level Annotations

Branches:
Dungeon (3/15)

Altars:


Innate Abilities, Weirdness & Mutations

You are a hulking beast.
Your limbs bulge with bestial killing power. (Slay +1)
You cannot wear most types of armour.
You are amphibious.
You can wear up to eight rings at the same time.
Your skin changes colour to match your surroundings (Stealth+).
Your rubbery body absorbs attacks. (AC +1, EV +1)
((You are camouflaged when in or above water. (Stealth+)))
You have tentacles for arms and can constrict up to eight enemies at once.


Message History

The river rat bites you.
The river rat attacks as it pursues you!
The river rat bites you but does no damage.
The river rat attacks as it pursues you!
The river rat misses you.
You see here a +0 leather armour.
The river rat attacks as it pursues you!
You block the river rat's attack.
The river rat attacks as it pursues you!
You block the river rat's attack.
The river rat attacks as it pursues you!
The river rat bites you! The river rat closely misses you.
You hear the rusting of a drain very nearby.
You tentacle-slap the river rat but do no damage.
Your grab misses the river rat. You squeeze the river rat!
The river rat is almost dead.
The river rat bites you!
You are too injured to fight recklessly!
You are too injured to fight recklessly!
You barely miss the river rat. Your grab misses the river rat.
The river rat is almost dead.
The river rat closely misses you.
You barely miss the river rat. You grab the river rat.
Your squeeze misses the river rat.
The river rat is almost dead.
You constrict the river rat.
You kill the river rat!
Unknown command.
You closely miss the river rat. Your grab misses the river rat.
The river rat bites you.
* * * LOW HITPOINT WARNING * * *
You barely miss the river rat. Your grab misses the river rat.
The river rat closely misses you.
You tentacle-slap the river rat but do no damage.
Your grab misses the river rat. The river rat barely misses you.
You tentacle-slap the river rat. You grab the river rat.
The river rat is moderately wounded.
You constrict the river rat. The river rat bites you!
You die...

.#.#..............# .#.#......#
#.##..## ...#......#.#.##...
.......##.#.#.##.################
##)###.##.#.#....................
#†# #....#.#.)..................
##.#####..#)#.##.###############.
....# ##>##.#.##.# ....#
#..##.#.##h# ....# #.......##r#
########### ....# #..####.##.#
#.......... ....# #..#
#.##.####.......~.. ....# #..#
<.#.....[...~.~~w~~ ##.## #..#
#.#.....##.~~#~#~## ... ...#
###.....###~~~~~~ ... ....#
........# ####### ....# ###.....#


You could see a river rat.

Vanquished Creatures
  An adder (D:3)
  A river rat (D:3)
  2 worms (D:3)
  A dart slug (D:1)
  6 bats
  4 endoplasms
  2 giant cockroaches
  5 goblins
  2 hobgoblins
  4 jackals (D:1)
  7 kobolds
  2 quokkas
  2 ball pythons (D:1)
  A frilled lizard (D:2)
  4 rats (D:1)
44 creatures vanquished.

Notes
Turn   | Place    | Note
-------+----------+-------------------------------------------
     0 | D:1      | Gelion the Octopode Shapeshifter began the quest for the
                  | Orb.
     0 | D:1      | Reached XP level 1. HP: 13/13 MP: 1/1
   131 | D:1      | Reached XP level 2. HP: 13/18 MP: 2/2
   297 | D:1      | Found a faded altar of an unknown god.
   380 | D:1      | Reached XP level 3. HP: 23/23 MP: 3/3
  1194 | D:3      | Reached skill level 4 in Unarmed Combat
  1194 | D:3      | Reached XP level 4. HP: 20/29 MP: 4/4
  1349 | D:3      | Slain by a river rat

Illustrated notes

Levels and vault maps discovered:
D:1:      amcnicky_arrival_abandoned_market, layout_basic,
          hellmonk_ecumenical_altar_blasted
D:2:      layout_rooms, chequers_decorated_corner
D:3:      layout_basic, mainiacjoe_overflow_24_doors, lightli_sewer_entry_pipes

Skill      XL: |  1  2  3  4 |
---------------+-------------+-----
Unarmed Combat | 4 |  4.1
Fighting       | 2 |  2.1
Dodging        | |  2.0
Shapeshifting  | |  3.4

Action                     |  1- 3 |  4- 6 || total
---------------------------+-------+-------++-------
  Melee: Unarmed           |    85 |    15 ||   100
         Constrict         |    21 |     3 ||    24
         Tentacles         |    12 |     2 ||    14
    Use: Scroll            |     5 |       ||     5
   Stab: Sleeping          |     3 |       ||     3
 Armour: Skin              |    33 |     7 ||    40
  Dodge: Dodged            |    50 |     8 ||    58
  Block: Other             |    12 |     5 ||    17
         Reflection        |     2 |       ||     2

Table legend: (Time is in decaauts)
 A = Elapsed time spent in this place.
 B = Non-inter-level travel time spent in this place.
 C = Inter-level travel time spent in this place.
 D = Time resting spent in this place.
 E = Time spent auto-exploring this place.
 F = Levels seen in this place.
 G = Mean time per level.
                   A        B        C        D        E       F      G
               +--------+--------+--------+--------+--------+-----+--------+
         Total |   1342 |   1259 |     83 |      4 |    966 |   3 |  447.3 |
       Dungeon |   1342 |   1259 |     83 |      4 |    966 |   3 |  447.3 |
               +--------+--------+--------+--------+--------+-----+--------+

Top non-repeatable levels by time:
     D:1: 641 daAuts
     D:2: 491 daAuts
     D:3: 209 daAuts
